 Dungeon Crawl Stone Soup version 0.30.0-10-gfe55d96785 (webtiles) character file.

Game seed: 14967746828435025071

55 Twinkles the Trooper (level 3, -4/33 HPs)
             Began as a Hill Orc Fighter on May 15, 2023.
             Slain by Grinder (8 damage)
             ... while paralysed by Grinder
             ... on level 3 of the Dungeon.
             The game lasted 00:02:58 (2270 turns).

Twinkles the Trooper (Hill Orc Fighter)             Turns: 2270, Time: 00:02:59

Health: -4/33      AC:  7    Str: 20    XL:     3   Next: 93%
Magic:  3/3        EV:  2    Int:  8    God:
Gold:   95         SH:  0    Dex: 10    Spells: 2/2 levels left

rFire   . . .        a - +0 war axe
rCold   . . .        c - +0 buckler
rNeg    . . .        b - +0 scale mail
rPois   .            (no helmet)
rElec   .            (no cloak)
rCorr   .            (no gloves)
SInv    .            (no boots)
Will    .....        (no amulet) Stlth
                     (no ring)
HPRegen 0.25/turn    (no ring)
MPRegen 0.08/turn

%: no passive effects
@: paralysed
A: no striking features
a: no special abilities


You were on level 3 of the Dungeon.
You visited 1 branch of the dungeon, and saw 3 of its levels.

You collected 95 gold pieces.

Inventory:

Hand Weapons
 a - a +0 war axe (weapon)
Armour
 b - a +0 scale mail (worn)
 c - a +0 buckler (worn)
Jewellery
 k - a ring of protection from cold
Scrolls
 h - a scroll of immolation {unknown}
 l - 2 scrolls of identify {unknown}
 n - a scroll of blinking {unknown}
 o - a scroll of noise {unknown}
 p - a scroll of amnesia {unknown}
 q - a scroll of magic mapping {unknown}
 r - a scroll of acquirement {unknown}
Potions
 d - a potion of magic {unknown}
 e - 2 potions of curing {unknown}
 f - 3 potions of haste {unknown}
 g - a potion of invisibility {unknown}
 i - a potion of lignification {unknown}
 j - 3 potions of heal wounds {unknown}
 m - a potion of degeneration {unknown}
 M - a potion of might


   Skills:
 + Level 4.2 Fighting
 + Level 3.5 Axes
 + Level 3.8 Armour
 + Level 3.8 Shields


You had 2 spell levels left.
You didn't know any spells.
Your spell library contained the following spells:

 Spells                   Type           Power      Damage    Failure   Level
 Beastly Appendage        Tmut           0%         N/A       83%         1
 Wereblood                Tmut           0%         N/A       92%         2
 Spider Form              Tmut/Pois      0%         N/A       99%         3
 Summon Guardian Golem    Hex/Summ       0%         N/A       99%         3
 Orb of Destruction       Conj           0%         9d5       100%        7
 Spellforged Servitor     Conj/Summ      0%         N/A       100%        7


Dungeon Overview and Level Annotations

Branches:
Dungeon (3/15) Zot: 15696

Altars:
Sif Muna

Annotations:
D:3 Grinder


Message History

You are too injured to fight recklessly!
Grinder drinks a potion.
Grinder seems to grow stronger.
Grinder blinks!
You barely miss Grinder. Grinder hits you but does no damage.
You closely miss Grinder. Grinder gestures at you.
You suddenly lose the ability to move!
Grinder gestures at you. You resist with significant effort.
Grinder gestures at you.
You shrug off the repeated paralysis!
Grinder blinks! x2
You can move again.
You open the door.
Found 10 gold pieces.
Found a shimmering blue altar of Sif Muna.
There is an open door here.
As you close the door, it creaks loudly!
You start resting.
Grinder opens the door.
Grinder closely misses you.
There is an open door here.
You closely miss Grinder. Grinder hits you!
You writhe in agony.
* * * LOW HITPOINT WARNING * * *
You barely miss Grinder.
Grinder blinks!
You close the door.
You start resting.
Grinder opens the door.
Grinder no longer looks unusually strong.
Grinder hits you but does no damage.
There is an open door, spattered with blood here.
You closely miss Grinder. Grinder hits you.
* * * LOW HITPOINT WARNING * * *
You writhe in agony.
* * * LOW HITPOINT WARNING * * *
Grinder blinks!
Grinder gestures at you.
You suddenly lose the ability to move!
Grinder hits you!
You die...

#.##########.####..
#. #..............#
#. #...............
##.........####..
#####...########
### ##..$##.##
#.8.8.#.# #.._5.#.#
#.8..@#.# ###
##...'#.#+ ...
#####...# .##
........⌠.......
...
..#####...#####.
### +#.#+ #.# #.#
#.#


You could see Grinder.

Vanquished Creatures
  2 adders (D:2)
  A dart slug (D:3)
  4 orcs (D:3)
  2 endoplasms
  A giant cockroach (D:3)
  4 goblins
  A hobgoblin (D:1)
  2 ball pythons
  3 bats
  4 frilled lizards
  5 kobolds
  3 rats
32 creatures vanquished.

Notes
Turn   | Place    | Note
-------+----------+-------------------------------------------
     0 | D:1      | Twinkles the Hill Orc Fighter began the quest for the Orb.
     0 | D:1      | Reached XP level 1. HP: 19/19 MP: 1/1
   340 | D:1      | Reached XP level 2. HP: 26/27 MP: 2/2
   905 | D:2      | Reached skill level 4 in Fighting
  1046 | D:2      | Reached XP level 3. HP: 27/33 MP: 3/3
  1707 | D:3      | HP: 11/33 [poisoned by an orc]
  1712 | D:3      | HP: 8/33 [poisoned by an orc]
  2036 | D:3      | Noticed an ogre
  2236 | D:3      | Noticed Grinder
  2237 | D:3      | Paralysed by Grinder for 3 turns
  2244 | D:3      | Paralysed by Grinder for 4 turns
  2249 | D:3      | Found a shimmering blue altar of Sif Muna.
  2258 | D:3      | HP: 9/33 [Grinder (6)]
  2268 | D:3      | HP: 9/33 [Grinder (3)]
  2268 | D:3      | HP: 4/33 [Grinder (5)]
  2269 | D:3      | Paralysed by Grinder for 2 turns
  2270 | D:3      | Slain by Grinder

Illustrated notes

Levels and vault maps discovered:
D:1:      minmay_arrival_shoal_huts, layout_basic
D:2:      layout_basic, dreamdust_princess_corridor
D:3:      layout_rooms, grunt_temple_overflow_cloverleaf, uniq_grinder

Skill      XL: |  1  2 |
---------------+-------+-----
Axes           | 3 |  3.5
Fighting       | 4 |  4.2
Armour         | |  3.8
Shields        | |  3.8

Action                     || total
---------------------------++-------
  Melee: War axe           ||    82
 Armour: Scale mail        ||    32
  Dodge: Dodged            ||    31
  Block: Buckler           ||     9
